 Dungeon Crawl Stone Soup version 0.18.1-51-gd549091e01 (webtiles) character file.

82 magog001 the Vandal (level 4, -9/36 HPs)
             Began as a Centaur Hunter on Aug 20, 2020.
             Was an Initiate of Nemelex Xobeh.
             Killed by divine providence
             ... invoked by an orc priest
              (15 damage)
             ... on level 2 of the Dungeon.
             The game lasted 00:14:00 (2540 turns).

magog001 the Vandal (Centaur Hunter)                Turns: 2540, Time: 00:14:00

Health: -9/36      AC:  6    Str: 16    XL:     4   Next: 21%
Magic:  4/4        EV:  7    Int: 10    God:    Nemelex Xobeh [......]
Gold:   91         SH:  0    Dex:  9    Spells: 0 memorised, 3 levels left

rFire  . . .     SeeInvis .     a - +1 hunting sling
rCold  . . .     Gourm    .     i - +0 scale mail
rNeg   . . .     Faith    .     (no shield)
rPois  .         Spirit   .     (no helmet)
rElec  .         Dismiss  .     (no cloak)
rCorr  .         Reflect  .     (no gloves)
SustAt .         Harm     .     (no barding)
MR     .....                    (no amulet)
Stlth  ..........               (no ring)
                                (no ring)

@: very quick, not resistant to hostile enchantments, extremely unstealthy
A: hooves 3, deformed body, speed 2, tough skin 3
a: Renounce Religion


You were on level 2 of the Dungeon.
You worshipped Nemelex Xobeh.
Nemelex Xobeh was noncommittal.
You were not hungry.

You visited 1 branch of the dungeon, and saw 3 of its levels.

You collected 91 gold pieces.

Inventory:

Hand Weapons
 a - a +1 hunting sling (weapon)
 b - a +0 short sword
Missiles
 d - 11 sling bullets (quivered)
 o - 23 stones
Armour
 c - a +0 leather armour
 i - a +0 scale mail (worn)
Jewellery
 n - a +3 ring of protection {unknown}
 q - an uncursed ring of poison resistance {unknown}
 s - an uncursed ring of fire {unknown}
Scrolls
 e - 2 scrolls of enchant weapon {unknown}
 k - 3 scrolls of magic mapping {unknown}
 m - a scroll of enchant armour {unknown}
 t - 2 scrolls of identify {unknown}
 x - a scroll of recharging {unknown}
Potions
 f - a potion of magic {unknown}
 j - 2 potions of resistance
 u - a potion of heal wounds {unknown}
 v - a potion of cure mutation {unknown}
Miscellaneous
 w - a plain deck of war {drawn: 2}
Comestibles
 g - 4 chunks of flesh
 r - a meat ration


   Skills:
 * Level 2.2 Fighting
 * Level 6.0 Slings
 * Level 0.4 Armour
 - Level 1.4 Dodging
 - Level 0.5 Stealth


You had 3 spell levels left.
You didn't know any spells.

Dungeon Overview and Level Annotations

Branches:
Dungeon (3/15)

Altars:
Nemelex Xobeh


Innate Abilities, Weirdness & Mutations

You have hooves in place of feet.
Armour fits poorly on your strangely shaped body.
You cover ground very quickly.
You have extremely tough skin (AC +3).


Message History

Press: ? - help, Shift-Dir - straight line, f/p - orc priest
Aim: an orc priest (heavily wounded)
You shoot a sling bullet. The sling bullet hits the orc priest.
The orc priest is heavily wounded.
The orc hits you.
* * * LOW HITPOINT WARNING * * *
The orc barely misses you. The orc priest hits you.
* * * LOW HITPOINT WARNING * * *
You climb upwards.
There is a stone staircase leading down here.
Unknown command.
Firing (i - inventory. (,) - cycle):
d - 12 sling bullets (quivered)
Press: ? - help, Shift-Dir - straight line, f - orc priest
Aim: an orc priest (heavily wounded)
You shoot a sling bullet.
The sling bullet barely misses the orc priest.
The orc priest invokes the aid of Beogh against you.
Beogh smites you!
You die...
Your body disappears without a glow.

#...##
#..##.......###.....).#
#.#.#####..###..##.##
##.....## #..........#
#.###.# ##...##
###.######.###.###.#
##'## #.# #.........#
#.# #.# #####.#####
#####.#### #.# #.#
#........# #.# #o#
#.##...#.# #####.# #@#
#........# ......# #o#
#......... #######
#.#######........#
#(.........#...#.#
#########........#
##########


You could see an orc priest and an orc.

Vanquished Creatures
  3 adders (D:2)
  An ooze (D:2)
  A worm (D:2)
  2 giant geckos
  An orc (D:2)
  4 giant cockroaches
  3 goblins
  6 hobgoblins
  3 jackals (D:2)
  3 quokkas (D:2)
  7 bats
  3 giant newts
  3 kobolds
  4 rats
44 creatures vanquished.

Notes
Turn   | Place    | Note
--------------------------------------------------------------
     0 | D:1      | magog001 the Centaur Hunter began the quest for the Orb.
     0 | D:1      | Reached XP level 1. HP: 17/17 MP: 1/1
   140 | D:1      | Reached XP level 2. HP: 24/24 MP: 2/2
   255 | D:1      | Reached skill level 5 in Slings
  1417 | D:2      | Reached XP level 3. HP: 29/29 MP: 3/3
  1700 | D:2      | Found a sparkling altar of Nemelex Xobeh.
  1736 | D:2      | Became a worshipper of Nemelex Xobeh the Trickster
  2087 | D:2      | Received a gift from Nemelex Xobeh
  2260 | D:2      | Reached XP level 4. HP: 15/36 MP: 4/4
  2336 | D:2      | Reached skill level 6 in Slings
  2346 | D:2      | Found a sparkling altar of Nemelex Xobeh.
  2483 | D:3      | Noticed a green ugly thing
  2540 | D:2      | Killed from afar by an orc priest

Skill      XL: |  1  2  3  4 |
---------------+-------------+-----
Slings         | 5 6 |  6.0
Fighting       | |  2.2
Armour         | |  0.4
Dodging        | |  1.4
Stealth        | |  0.5

Action                   |  1- 3 |  4- 6 || total
-------------------------+-------+-------++-------
 Fire: Hunting sling     |   141 |    17 ||   158
Evoke: Deck              |     1 |     1 ||     2
  Use: Potion            |       |     4 ||     4
  Eat: Chunk             |     2 |       ||     2
       Bread ration      |       |     1 ||     1
Armor: Leather armour    |     3 |       ||     3
       Scale mail        |    39 |     3 ||    42
Dodge: Dodged            |    23 |     4 ||    27
